AoeStats
← Sacresh Martire

Oasis

510139149Analyzed
4v4 RM · 21h ago on Sep 29, 2026· 75m 57s· 8 players
Game mode
Random Map
Map size
Large (8 player)
Population
200
Speed
Normal
Resources
Standard
Victory
Conquest
Starting age
Dark Age
Ending age
Imperial Age
RankedLock teamsTeams togetherTeam positionsShared explorationLock speedFull tech treeHidden civsTurbo modeCheats
Victory
Defeat
🇱🇺 Saxons · Luxembourg
887
+16
🇬🇷 Franks · Greece
867
+17
🇮🇹 Mongols · Italy
866
+17
🇩🇪 Chinese · Germany
848
+17
🇪🇸 Italians · Spain
908
-27
🇪🇸 Byzantines · Spain
900
-17
🇹🇷 Mongols · Türkiye
890
-17
🇪🇸 Tatars · Spain
827
-14
Mr Seymour Guado
8:29 Loom
12:46 Feudal Age
14:04 Wheelbarrow
13:18 Double-Bit Axe
18:39 Castle Age
20:44 Gold Mining
21:10 Bow Saw
27:54 Gold Shaft Mining
27:14 Stone Mining
28:54 Hand Cart
32:00 Caravan
37:06 Imperial Age
37:20 Forging
37:16 Scale Barding Armor
37:03 Fletching
37:14 Padded Archer Armor
37:03 Town Watch
38:42 Iron Casting
38:10 Scale Mail Armor
38:30 Fortified Wall
39:21 Chemistry
38:09 Treadmill Crane
38:26 Murder Holes
38:50 Town Patrol
39:25 Bodkin Arrow
39:51 Chain Barding Armor
41:01 Ballistics
40:55 Masonry
40:51 Siege Engineers
41:35 Cranequins
41:40 Heavy Mounted Crossbowman
45:13 Leather Archer Armor
46:15 Husbandry
45:38 Cavalier
47:45 Blast Furnace
47:21 Plate Barding Armor
47:41 Paladin
52:52 Ordonnance Companies
53:34 Chivalry
53:55 Conscription
54:12 Hoardings
57:33 Architecture
56:56 Guard Tower
56:56 Arrowslits
lil_luzツ
11:05 Feudal Age
12:58 Double-Bit Axe
12:56 Horse Collar
21:01 Castle Age
21:55 Bow Saw
22:12 Heavy Plow
22:55 Loom
32:27 Imperial Age
31:30 Elite Skirmisher
32:38 Fletching
32:59 Forging
33:36 Conscription
34:41 Two-Man Saw
33:58 Scale Mail Armor
36:13 Chemistry
35:34 Ballistics
35:01 Elite Varangian Guard
36:01 Elite Hearth Troop
37:30 Iron Casting
39:15 Caravan
40:06 Bodkin Arrow
40:27 Chain Mail Armor
41:31 Bracer
44:51 Murder Holes
45:07 Masonry
45:48 Guard Tower
45:42 Treadmill Crane
46:20 Squires
50:11 Keep
50:07 Architecture
49:43 Siege Engineers
50:12 Plate Mail Armor
50:28 Pikeman
50:55 Arson
53:20 Wheelbarrow
52:47 Padded Archer Armor
58:44 Heavy Mounted Crossbowman
58:44 Cranequins
60:18 Crop Rotation
69:11 Spies/Treason
75:02 Fortified Wall
75:14 Leather Archer Armor
Scamander
4:03 Loom
11:29 Feudal Age
11:55 Double-Bit Axe
17:26 Castle Age
16:37 Horse Collar
18:54 Padded Archer Armor
19:52 Loom
21:44 Bow Saw
21:21 Horse Collar
22:23 Wheelbarrow
32:06 Imperial Age
29:56 Caravan
30:31 Leather Archer Armor
30:06 Fletching
31:44 Hand Cart
33:10 Heavy Rocket Cart
34:16 Rocketry
33:57 Bodkin Arrow
35:13 Town Watch
35:47 Heated Shot
36:59 Chemistry
36:20 Ballistics
35:51 Guard Tower
35:57 Murder Holes
37:14 Ring Archer Armor
36:44 Bracer
38:26 Two-Man Saw
39:59 Elite Chu Ko Nu
43:52 Bombard Tower
70:27 Coinage
70:56 Gold Mining
70:56 Stone Mining
71:12 Scale Barding Armor
71:08 Scale Mail Armor
71:18 Forging
71:22 Fortified Wall
71:47 Keep
71:24 Masonry
70:59 Arrowslits
71:12 Herbal Medicine
71:19 Town Patrol
Sacresh Martire
7:07 Loom
10:25 Feudal Age
11:39 Double-Bit Axe
15:42 Castle Age
15:42 Scale Mail Armor
15:48 Scale Barding Armor
16:03 Bloodlines
19:12 Bow Saw
23:05 Husbandry
26:49 Light Cavalry
28:31 Man-at-Arms
29:31 Fletching
29:42 Padded Archer Armor
30:39 Horse Collar
31:56 Stone Mining
31:59 Gold Mining
35:59 Imperial Age
34:45 Heavy Plow
34:38 Stone Mining
35:45 Ballistics
34:49 Long Swordsman
36:14 Onager
36:40 Crossbowman
37:27 Thumb Ring
38:02 Drill
38:43 Siege Engineers
38:55 Bodkin Arrow
39:15 Leather Archer Armor
39:21 Chain Barding Armor
39:01 Scale Mail Armor
39:12 Forging
39:47 Siege Onager
42:39 Elite Mangudai
44:51 Elite Steppe Lancer
52:11 Conscription
55:46 Iron Casting
55:27 Chain Mail Armor
55:13 Bracer
57:36 Hussar
65:56 Blast Furnace
65:27 Plate Mail Armor
TrakaTra
4:14 Loom
11:55 Feudal Age
13:27 Wheelbarrow
18:06 Castle Age
17:52 Bloodlines
18:30 Horse Collar
19:33 Double-Bit Axe
21:26 Bow Saw
22:44 Heavy Plow
23:38 Stone Mining
25:41 Wheelbarrow
27:18 Caravan
27:49 Coinage
28:06 Gold Mining
28:37 Hand Cart
30:25 Husbandry
30:28 Squires
30:14 Arson
30:48 Forging
30:39 Scale Mail Armor
30:39 Padded Archer Armor
30:31 Fletching
30:46 Scale Barding Armor
36:16 Imperial Age
34:29 Heated Shot
35:00 Ballistics
35:24 Gold Shaft Mining
38:57 Chemistry
38:08 Fortified Wall
39:23 Elite Keshik
40:11 Silk Armor
40:02 Heavy Camel Rider
42:31 Timurid Siegecraft
43:27 Crop Rotation
43:23 Chain Barding Armor
43:58 Iron Casting
45:45 Plate Barding Armor
45:26 Leather Archer Armor
49:30 Blast Furnace
48:27 Bodkin Arrow
51:00 Elite Skirmisher
52:18 Ring Archer Armor
51:49 Bracer
53:01 Pikeman
54:01 Halberdier
ramizeta
4:59 Loom
11:46 Feudal Age
15:09 Double-Bit Axe
20:43 Castle Age
21:08 Crossbowman
23:08 Fletching
26:02 Thumb Ring
28:00 Horse Collar
29:54 Wheelbarrow
33:15 Imperial Age
31:03 Bodkin Arrow
32:28 Forging
35:17 Ballistics
36:25 Gold Mining
38:02 Chemistry
38:04 Gold Shaft Mining
38:04 Bow Saw
38:52 Conscription
39:54 Iron Casting
41:43 Scale Mail Armor
41:07 Arbalester
43:06 Bracer
43:24 Elite Varangian Guard
45:00 Chain Mail Armor
gauwart
9:48 Feudal Age
10:45 Loom
11:00 Double-Bit Axe
15:34 Wheelbarrow
17:48 Castle Age
23:06 Bow Saw
22:39 Horse Collar
28:24 Imperial Age
28:12 Caravan
30:47 Hand Cart
31:48 Conscription
32:37 Chemistry
32:09 Ballistics
32:50 Chemistry
34:32 Elite Genoese Crossbowman
36:48 Fletching
37:01 Padded Archer Armor
39:42 Bodkin Arrow
40:03 Leather Archer Armor
39:59 Forging
49:53 Bracer
50:23 Ring Archer Armor
50:29 Iron Casting
50:00 Scale Barding Armor
49:56 Scale Mail Armor
50:49 Light Cavalry
51:40 Bloodlines
52:07 Hussar
60:19 Blast Furnace
62:48 Elite Skirmisher
63:34 Thumb Ring
Feed Me
6:02 Loom
10:31 Feudal Age
15:36 Castle Age
14:22 Double-Bit Axe
15:55 Stone Mining
18:45 Stone Shaft Mining
19:24 Bow Saw
22:32 Horse Collar
26:20 Wheelbarrow
30:37 Imperial Age
28:21 Fletching
29:19 Padded Archer Armor
30:41 Bodkin Arrow
31:01 Leather Archer Armor
31:23 Hand Cart
30:54 Town Watch
33:19 Conscription
32:49 Elite Mangudai
34:56 Husbandry
35:07 Bloodlines
34:36 Heavy Camel Rider
36:16 Town Patrol
37:57 Hoardings
39:49 Ballistics
40:29 Chemistry
39:41 Light Cavalry
40:41 Bracer
40:56 Caravan
41:15 Thumb Ring
41:22 Gold Mining
41:42 Hussar
44:21 Murder Holes
44:50 Elite Skirmisher
46:01 Parthian Tactics
61:37 Forging
61:32 Scale Barding Armor
63:49 Iron Casting
63:34 Chain Barding Armor
63:34 Heavy Plow
Connection lost

Rejoining the realm…

Still unreachable

The connection could not be restored.

Session expired

The server has moved on; the page needs a fresh start.